 Dungeon Crawl Stone Soup version 0.26-a0-844-g3dd439832f (webtiles) character file.

Game seed: 4946112383213179703

59 snetch the Skirmisher (level 3, -6/51 HPs)
             Began as a Minotaur Berserker on Nov 18, 2020.
             Was a Believer of Trog.
             Hit by a silver boomerang thrown by an orc warrior (8 damage)
             ... on level 3 of the Dungeon.
             The game lasted 00:04:21 (1589 turns).

snetch the Skirmisher (Minotaur Berserker)          Turns: 1589, Time: 00:04:21

Health: -6/51      AC: 12    Str: 22    XL:     3   Next: 78%
Magic:  2/2        EV:  7    Int:  4    God:    Trog [**....]
Gold:   128        SH:  0    Dex:  9    Spells: 2/2 levels left

rFire    . . .     SeeInvis .   a - +2 mace (vorpal)
rCold    . . .     Faith    .   (no shield)
rNeg     . . .     Spirit   .   i - +0 plate armour
rPois    +         Reflect  .   (helmet restricted)
rElec    .         Harm     .   (no cloak)
rCorr    .         Rampage  .   (no gloves)
MR       ++...                  b - +0 pair of boots
Stlth    ..........             (no amulet)
HPRegen  1.17/turn              k - ring of poison resistance
MPRegen  0.08/turn              (no ring)

@: berserking, regenerating, very quick
A: retaliatory headbutt, horns 2
a: Berserk, Trog's Hand, Renounce Religion


You were on level 3 of the Dungeon.
You worshipped Trog.
Trog was pleased with you.
You visited 1 branch of the dungeon, and saw 4 of its levels.

You collected 128 gold pieces.

Inventory:

Hand Weapons
 a - a +2 vorpal mace (weapon)
 f - a +2 dagger of venom
 g - a +0 hand axe
Missiles
 e - 114 stones (quivered)
 o - 45 arrows
Armour
 b - a +0 pair of boots (worn)
 i - a +0 plate armour (worn)
Jewellery
 k - a ring of poison resistance (left hand)
Scrolls
 c - a scroll of immolation {unknown}
 d - 3 scrolls of remove curse {unknown}
 j - 2 scrolls of teleportation {unknown}
 p - a scroll of identify {unknown}
Potions
 h - 2 potions of degeneration {unknown}
 l - 2 potions of curing {unknown}
 m - 2 potions of lignification {unknown}
 n - a potion of heal wounds {unknown}


   Skills:
 + Level 4.4 Fighting
 + Level 4.4(4.6) Axes
 + Level 1.3(3.1) Maces & Flails
 + Level 2.8 Armour
 + Level 2.4 Dodging


You had 2 spell levels left.
You didn't know any spells.
Your spell library was empty.

Dungeon Overview and Level Annotations

Branches:
Dungeon (4/15)
 Temple: D:4-7

Altars:


Innate Abilities, Weirdness & Mutations

You reflexively headbutt those who attack you in melee.
You have a pair of horns on your head.


Message History

* * * LOW HITPOINT WARNING * * *
The weapon returns to the orc warrior!
You closely miss the orc.
The orc is almost dead.
The orc hits you but does no damage. x3
Unknown command.
You barely miss the orc.
The orc is almost dead.
The orc warrior throws a silver boomerang.
The silver boomerang hits you!
* * * LOW HITPOINT WARNING * * *
x2 The weapon returns to the orc warrior!
The orc hits you but does no damage. The orc hits you with a +0 dagger.
* * * LOW HITPOINT WARNING * * *
You bludgeon the orc!!
You kill the orc!
Trog accepts your kill.
The orc warrior throws a silver boomerang.
The silver boomerang hits you!
You die...

#.######## #
#......... # #.
#......... #####
#. #......!..
..... # #.
#........# #####
#.###.###.........
#
#.#.......o......#
#
#.........@.o.....
#
#......##o).....#
#
#......##........
#
#......##........
#
##......######.###
#####.#
#####.##.####.#
#.######<....#
......##. #.####
........######
......... #....#
#.#####.# #..
..####### ####.#
#.####.#


You could see an orc warrior and 2 orcs.

Vanquished Creatures
  3 adders
  A leopard gecko (D:3)
  An orc (D:3)
  3 bats
  2 giant cockroaches (D:1)
  2 goblins
  5 hobgoblins (D:1)
  A quokka (D:2)
  3 frilled lizards (D:2)
  6 kobolds
  7 rats
34 creatures vanquished.

Vanquished Creatures (others)
  5 toadstools (D:1)
5 creatures vanquished.

Grand Total: 39 creatures vanquished

Notes
Turn   | Place    | Note
-------+----------+-------------------------------------------
     0 | D:1      | snetch the Minotaur Berserker began the quest for the Orb.
     0 | D:1      | Reached XP level 1. HP: 19/19 MP: 0/0
   406 | D:1      | Reached XP level 2. HP: 25/27 MP: 1/1
   792 | D:1      | Reached ** piety under Trog
  1019 | D:2      | Reached XP level 3. HP: 32/34 MP: 2/2
  1180 | D:2      | Reached skill level 1 in Maces & Flails
  1581 | D:3      | Noticed an orc warrior
  1588 | D:3      | HP: 2/51 [orc/+0 dagger (1)]
  1589 | D:3      | Hit by a silver boomerang thrown by an orc warrior

Illustrated notes

Levels and vault maps discovered:
D:1:      ldierk_walled_garden, layout_loops_ring,
          chequers_serial_rivers_micro_b
D:2:      layout_rooms
D:3:      layout_basic, serial_glass, glass_columns_b, glass_columns_b,
          dk_yredelemnul_ordeal
D:4:      layout_rooms, minmay_temple_entry_hall, serial_glass, glass_columns_b,
          glass_columns_c, glass_columns_b, glass_columns_b, glass_columns_a,
          glass_columns_c, glass_columns_a, glass_columns_c, glass_columns_b,
          glass_columns_b, glass_columns_c, glass_columns_b, glass_columns_c,
          glass_columns_b, minmay_box_of_dots, uniq_robin

Skill      XL: |  1  2  3 |
---------------+----------+-----
Axes           | 4 |  4.4
Fighting       | 4 |  4.4
Maces & Flails | 1 |  1.3
Armour         | |  2.8
Dodging        | |  2.4

Action                   || total
-------------------------++-------
Melee: Hand axe          ||    13
       Headbutt          ||     7
       Mace              ||    50
Invok: Berserk           ||     1
       Trog's Hand       ||     1
Armor: Chain mail        ||    15
       Plate armour      ||    47
Dodge: Dodged            ||    22

Table legend: (Time is in decaauts)
 A = Elapsed time spent in this place.
 B = Non-inter-level travel time spent in this place.
 C = Inter-level travel time spent in this place.
 D = Time resting spent in this place.
 E = Time spent auto-exploring this place.
 F = Levels seen in this place.
 G = Mean time per level.
                   A        B        C        D        E       F      G
               +--------+--------+--------+--------+--------+-----+--------+
         Total |   1609 |   1574 |     35 |      0 |   1069 |   4 |  402.2 |
       Dungeon |   1609 |   1574 |     35 |      0 |   1069 |   4 |  402.2 |
               +--------+--------+--------+--------+--------+-----+--------+

Top non-repeatable levels by time:
     D:1: 875 daAuts
     D:2: 501 daAuts
     D:3: 227 daAuts
     D:4: 4 daAuts
